 Dungeon Sprint DCSS version 0.27-a0-1325-g58a489ad9e (webtiles) character file.

Game seed: 9460432407389316221

33895 Conn the Eclecticist (level 13, -25/111 HPs)
             Began as an Octopode Fire Elementalist on June 24, 2021.
             Was a High Priest of Sif Muna.
             Killed from afar by Lom Lobon (39 damage)
             ... with a great icy blast
             ... in the Dungeon (Sprint I: "Red Sonja").
             The game lasted 01:15:40 (7011 turns).

Conn the Eclecticist (Octopode Fire Elementalist)   Turns: 7011, Time: 01:15:40

Health: -25/111    AC: 30    Str:  7    XL:     13   Next: 73%
Magic:  0/54       EV:  2    Int: 26    God:    Sif Muna [*****.]
Gold:   1382       SH:  0    Dex: 11    Spells: 3/50 levels left

rFire    + . .     SeeInvis +   n - +3 spear "Ylixtev" {elec, rC+ rN+ SInv}
rCold    + + .     Faith    .   (no shield)
rNeg     + + +     Spirit   +   (helmet currently unavailable)
rPois    +         Reflect  .   q - amulet of guardian spirit
rElec    .         Harm     .   o - ring of magical power
rCorr    +         Rampage  .   m - ring "Rifasoot" {rF+ AC+4 Int+2}
Will     .....     NoTele   +   p - ring of wizardry
Stlth    +++.......             u - ring of magical power
HPRegen  0.28/turn              v - ring of poison resistance
MPRegen  0.34/turn              w - ring of positive energy
                                x - ring of protection from cold
                                y - ring of resist corrosion

@: tree-form, very slow
A: stationary, stasis, torment immunity, boosted hp, almost no armour,
(amphibious), 8 rings, (camouflage 1), (gelatinous body 1), (nimble swimmer 1),
(tentacles), clever 1, clumsy 1
a: Renounce Religion, Channel Magic, Forget Spell, Divine Exegesis


You were in the Dungeon.
You worshipped Sif Muna.
Sif Muna was extremely pleased with you.
You were a tree.
You visited 1 branch You collected 4990 gold pieces.
You spent 3608 gold pieces at shops.

Inventory:

Hand Weapons
 e - a +0 dagger
 i - a +1 dagger of venom
 j - the +3 quarterstaff of Optimality {freeze, +Rage}
   (You bought it in a shop in the Dungeon)

   It has been specially enchanted to freeze those struck by it, causing extra
   injury to most foes and up to half again as much damage against particularly
   susceptible opponents.
   It can also slow down cold-blooded creatures.
   It lets you go berserk.
 n - the +3 spear "Ylixtev" (weapon) {elec, rC+ rN+ SInv}
   (You bought it in a shop in the Dungeon)

   Occasionally, upon striking a foe, it can discharge electrical energy and
   cause terrible harm.
   It protects you from cold.
   It protects you from negative energy.
   It lets you see invisible.
 s - the +5 hand axe of Entrepreneurial Spirit {vorpal, Drain rCorr Int+4}
   (You found it in the Dungeon)

   It inflicts extra damage upon your enemies.
   It affects your intelligence (+4).
   It protects you from acid and corrosion.
   It drains your maximum health when unequipped.
Missiles
 g - 12 curare-tipped darts (quivered)
Jewellery
 m - the ring "Rifasoot" (right branch) {rF+ AC+4 Int+2}
   (You bought it in a shop in the Dungeon)

   [ring of protection]

   It affects your AC (+4).
   It affects your intelligence (+2).
   It protects you from fire.
 o - a ring of magical power (left branch)
 p - a ring of wizardry (on tentacle)
 q - an amulet of guardian spirit (around neck)
 u - a ring of magical power (on tentacle)
 v - a ring of poison resistance (on tentacle)
 w - a ring of positive energy (on tentacle)
 x - a ring of protection from cold (on tentacle)
 y - a ring of resist corrosion (on tentacle)
Wands
 b - a wand of flame (10)
 c - a wand of paralysis (9)
 k - a wand of polymorph (11)
Scrolls
 f - a scroll of brand weapon {unknown}
 t - 2 scrolls of identify {unknown}
Potions
 a - 4 potions of curing
 h - 2 potions of lignification
 l - 2 potions of haste


   Skills:
 + Level 2.1 Fighting
 + Level 1.3 Short Blades
 + Level 3.1 Polearms
 + Level 7.7 Dodging
 - Level 6.1 Stealth
 * Level 19.4 Spellcasting
 * Level 16.4 Conjurations
 + Level 3.7 Summonings
 + Level 7.3 Translocations
 + Level 16.3 Fire Magic
 + Level 4.3 Ice Magic
 + Level 2.3 Air Magic
 + Level 3.3 Earth Magic
 + Level 2.8 Poison Magic
 - Level 7.3 Invocations
 + Level 6.7 Evocations


You had 3 spell levels left.
You knew the following spells:

 Your Spells              Type           Power      Damage    Failure   Level
a - Foxfire               Conj/Fire      100%       2x1d9     0%          1
b - Orb of Destruction    Conj           42%        9d14      1%          7
c - Ignition              Fire           41%        3d12      6%          8
d - Irradiate             Conj/Tmut      30%        3d24      1%          5
e - Fireball              Conj/Fire      42%        3d17      1%          5
f - Ozocubu's Armour      Ice            47%        N/A       1%          3
g - Blink                 Tloc           N/A        N/A       1%          2
h - Mephitic Cloud        Conj/Pois/Air  58%        N/A       1%          3
i - Iskenderun's Mystic   Conj/Tloc      72%        2d15      1%          4
j - Searing Ray           Conj           100%       3d7       0%          2
k - Call Imp              Summ           44%        N/A       1%          2
l - Bolt of Magma         Conj/Fire/Erth 36%        4d16      1%          5

Your spell library contained the following spells:

 Spells                   Type           Power      Damage    Failure   Level
 Magic Dart               Conj           100%       1d8       0%          1
 Conjure Flame            Conj/Fire      84%        6-21      0%          3
 Beastly Appendage        Tmut           50%        N/A       1%          1
 Sandblast                Erth           84%        2d18      1%          1
 Shock                    Conj/Air       100%       1d9       1%          1
 Sting                    Tmut/Pois      100%       1d8       1%          1
 Slow                     Hex            25%        N/A       1%          2
 Static Discharge         Conj/Air       65%        N/A       1%          2
 Dazzling Flash           Conj/Hex       100%       N/A       1%          3
 Gell's Gravitas          Tloc           29%        N/A       1%          3
 Inner Flame              Hex/Fire       61%        N/A       1%          3
 Lesser Beckoning         Tloc           29%        N/A       1%          3
 Spider Form              Tmut/Pois      16%        N/A       1%          3
 Stone Arrow              Conj/Erth      100%       3d13      1%          3
 Teleport Other           Tloc           59%        N/A       1%          3
 Sticky Flame             Conj/Fire      84%        2d10      0%          4
 Fulminant Prism          Conj/Hex       30%        3d16      1%          4
 Freezing Cloud           Conj/Ice/Air   30%        6-21      1%          5
 Iskenderun's Battlesphe  Conj           84%        2d13      1%          5
 Lightning Bolt           Conj/Air       32%        1d50      1%          5
 Manifold Assault         Tloc           59%        N/A       1%          5
 Iron Shot                Conj/Erth      33%        9d7       1%          6
 Starburst                Conj/Fire      42%        8x6d12    1%          6
 Conjure Ball Lightning   Conj/Air       32%        3x3d10    2%          6
 Petrify                  Tmut/Erth      33%        N/A       3%          4
 Borgnjor's Vile Clutch   Necr/Erth      16%        N/A       10%         5
 Spellforged Servitor     Conj/Summ      33%        N/A       10%         7
 Blade Hands              Tmut           12%        N/A       19%         5
 Yara's Violent Unravell  Hex/Tmut       12%        3d7       19%         5
 Statue Form              Tmut/Erth      22%        N/A       45%         6
 Monstrous Menagerie      Summ           22%        N/A       75%         7
 Storm Form               Tmut/Air       15%        N/A       97%         7
 Dragon Form              Tmut           12%        N/A       99%         7
 Chain Lightning          Conj/Air       32%        3d43      100%        9
 Polar Vortex             Ice            23%        N/A       100%        9
 Shatter                  Erth           21%        3d19*     100%        9


Dungeon Overview and Level Annotations

Branches:
Dungeon (1/1)

Altars:
Cheibriados
Dithmenos
Elyvilon
Fedhas
Gozag
Hepliaklqana
Kikubaaqudgha
Makhleb
Nemelex Xobeh
Okawaru
Qazlal
Ru
Sif Muna
Trog
Uskayaw
Vehumet
Wu Jian
Xom
Yredelemnul
Zin
The Shining One
Jiyva
Lugonu

Shops:
D *?[=?!:?(=[=![[[*(([?!

Annotations:
D Lom Lobon


Innate Abilities, Weirdness & Mutations

You are a tree.
Your roots penetrate the ground, keeping you stationary.
You cannot be teleported.
You are immune to unholy pain and torment.
Your maximum health is greatly increased.
Your equipment is partially melded.
You cannot wear most types of armour.
((You are amphibious.))
You can wear up to eight rings at the same time.
((Your skin changes colour to match your surroundings (Stealth+).))
((Your rubbery body absorbs attacks. (AC +1, EV +1)))
((You are camouflaged near water. (Stealth+)))
((You have tentacles for arms and can constrict up to eight enemies at once.))
Your mind is acute. (Int +2)
You are clumsy. (Dex -2)


Message History

The ball lightning completely resists.
The blast of lightning engulfs the ball lightning.
The ball lightning completely resists.
Casting: Iskenderun's Mystic Blast (safe; 1% risk of failure)
Confirm with . or Enter, or press ? or * to list all spells.
Okay, then.
You feel better.
The ball lightning explodes!
The blast of lightning engulfs you!
* * * LOW HITPOINT WARNING * * *
The blast of lightning engulfs the ball lightning.
The ball lightning completely resists.
The blast of lightning engulfs the ball lightning.
The ball lightning completely resists.
The blast of lightning engulfs Lom Lobon.
Lom Lobon completely resists.
The blast of lightning engulfs the ball lightning.
The ball lightning completely resists.
The ball lightning explodes!
The blast of lightning engulfs you.
* * * LOW HITPOINT WARNING * * *
The blast of lightning engulfs the ball lightning.
The ball lightning completely resists.
The blast of lightning engulfs the ball lightning.
The ball lightning completely resists.
Lom Lobon blinks!
The ball lightning explodes!
The blast of lightning engulfs you but does no damage.
The blast of lightning engulfs the ball lightning.
The ball lightning completely resists.
The blast of lightning engulfs Lom Lobon.
Lom Lobon completely resists.
You feel better.
The ball lightning explodes!
The blast of lightning engulfs you but does no damage.
The blast of lightning engulfs Lom Lobon.
Lom Lobon completely resists.
Lom Lobon gestures at you.
Lom Lobon conjures a mighty blast of ice!
The great icy blast engulfs you!!! You partially resist.
You die...

^###..###..#'###..≈#§§§[§.§§§.#,,
.####..###...#.≈..##§§§§§§§§.§##,
'#..#..#.###.#.≈..#...§...§§.§.#,
.#.........#.###..#.....)§.§...#,
##.........#.#,+..##....§^.§..##,
.'......####'#,##'##..........#,○
###...###....#,#≈≈≈##........##°○
..#####...####,#≈≈≈≈##..)..(##$$$
........###,,,^#♣≈≈≈≈########..$$
....#####^,,^####§≈≈≈#≈≈≈≈°#○°.°$
...##,,^,^,,,#§§#&≈°≈'≈≈.≈≈'....°
..##,,^,,,,,^#...##≈≈#≈≈≈≈°#°≈≈..
..#^,,,,,°^,,#...§######'#####≈≈≈
###****^,.&°,#...§#§§§§§○≈≈≈≈#*≈≈
≈≈≈≈≈,*,,.○°°#######§§§§*§≈≈≈≈≈≈≈
######*,,°°°^'}[#§§&§§.≈≈≈≈≈≈≈#≈≈
..+,,,,,,^,,,#):'§§#§§§.☼...≈≈≈#≈


You could see Lom Lobon (gusty).

Vanquished Creatures
  the Lernaean hydra (D)
  A golden dragon (D)
  A deep elf master archer (D)
  A shadow dragon (D)
  4 fire giants (D)
  A daeva (D)
  A lorocyproca (D)
  A deep elf annihilator (D)
  A mummy priest (D)
  A hydra (D)
  2 centaur warriors (D)
  Sonja (D)
  A deep troll (D)
  A lindwurm (D)
  2 oklob plants (D)
  4 shining eyes (D)
  2 merfolk sirens (D)
  A gargoyle (D)
  4 demonic crawlers (D)
  7 unseen horrors (D)
  2 kobold demonologists (D)
  A hellwing (D)
  2 hornets (D)
  A slime creature (D)
  Sigmund (D)
  2 redbacks (D)
  A yak (D)
  13 hogs (D)
  4 floating eyes (D)
  7 necrophages (D)
  An ogre (D)
  8 jellies (D)
  Ijyb (D)
82 creatures vanquished.

Vanquished Creatures (collateral kills)
  4 shining eyes (D)
  3 floating eyes (D)
7 creatures vanquished.

Vanquished Creatures (others)
  A gargoyle (D)
  3 hornets (D)
  9 ball lightnings (D)
  2 ballistomycete spores (D)
  43 foxfires (D)
58 creatures vanquished.

Grand Total: 147 creatures vanquished

Notes
Turn   | Place    | Note
-------+----------+-------------------------------------------
     0 | D        | Conn the Octopode Fire Elementalist began the quest for the
                  | Orb.
     0 | D        | Reached XP level 1. HP: 11/11 MP: 3/3
     2 | D        | Noticed Ijyb
    13 | D        | Killed Ijyb
    14 | D        | Reached skill level 3 in Spellcasting
    14 | D        | Reached skill level 5 in Fire Magic
    14 | D        | Reached XP level 2. HP: 17/17 MP: 1/6
    14 | D        | Reached XP level 3. HP: 21/21 MP: 1/7
    65 | D        | Learned a level 3 spell: Conjure Flame
    69 | D        | Learned a level 3 spell: Inner Flame
    69 | D        | Noticed an ogre
    90 | D        | Killed an ogre
    91 | D        | Reached skill level 4 in Spellcasting
    91 | D        | Reached skill level 1 in Evocations
    91 | D        | Reached XP level 4. HP: 27/27 MP: 8/10
   109 | D        | Noticed Sigmund
   129 | D        | Killed Sigmund
   130 | D        | Reached skill level 5 in Stealth
   130 | D        | Reached skill level 5 in Spellcasting
   130 | D        | Reached XP level 5. HP: 31/31 MP: 0/12
   130 | D        | Reached XP level 6. HP: 36/36 MP: 0/14
   237 | D        | Found an ornate altar of the Wu Jian Council.
   237 | D        | Found a shimmering blue altar of Sif Muna.
   239 | D        | Found a radiant altar of Vehumet.
   255 | D        | Became a worshipper of Sif Muna the Loreminder
   280 | D        | Noticed Sonja
   289 | D        | Learned a level 4 spell: Sticky Flame
   295 | D        | Learned a level 5 spell: Fireball
   295 | D        | Found Hehot's Jewellery Emporium.
   295 | D        | Found an ancient bone altar of Kikubaaqudgha.
   295 | D        | Found a hazy altar of Hepliaklqana.
   295 | D        | Found a stormy altar of Qazlal.
   295 | D        | Found a hide-covered altar of Uskayaw.
   295 | D        | Found a blossoming altar of Fedhas.
   295 | D        | Found a bloodstained altar of Trog.
   295 | D        | Found an iron altar of Okawaru.
   295 | D        | Found a basalt altar of Yredelemnul.
   295 | D        | Found a glowing golden altar of the Shining One.
   295 | D        | Found a snail-covered altar of Cheibriados.
   295 | D        | Found a sacrificial altar of Ru.
   295 | D        | Found a glowing silver altar of Zin.
   295 | D        | Found a shadowy altar of Dithmenos.
   295 | D        | Found a white marble altar of Elyvilon.
   295 | D        | Noticed a yak
   304 | D        | Killed a yak
   305 | D        | Reached skill level 5 in Dodging
   305 | D        | Reached skill level 6 in Spellcasting
   305 | D        | Reached skill level 10 in Fire Magic
   305 | D        | Reached XP level 7. HP: 33/41 MP: 7/16
   313 | D        | Found an opulent altar of Gozag.
   314 | D        | Found a sparkling altar of Nemelex Xobeh.
   374 | D        | Found a burning altar of Makhleb.
   374 | D        | Found a viscous altar of Jiyva.
   374 | D        | Found a shimmering altar of Xom.
   374 | D        | Found a corrupted altar of Lugonu.
   374 | D        | Noticed a slime creature
   385 | D        | Killed a slime creature
   386 | D        | Reached skill level 7 in Spellcasting
   447 | D        | Noticed a kobold demonologist
   448 | D        | Reached * piety under Sif Muna
   448 | D        | Noticed a kobold demonologist
   450 | D        | Killed a kobold demonologist
   451 | D        | Reached skill level 8 in Spellcasting
   451 | D        | Reached skill level 5 in Conjurations
   451 | D        | Reached XP level 8. HP: 46/46 MP: 2/20
   451 | D        | Noticed a red devil
   451 | D        | Killed a kobold demonologist
   452 | D        | Reached skill level 9 in Spellcasting
   578 | D        | Killed Sonja
   578 | D        | Reached ** piety under Sif Muna
   579 | D        | Reached skill level 10 in Spellcasting
   579 | D        | Reached skill level 5 in Evocations
   579 | D        | Reached XP level 9. HP: 51/51 MP: 11/23
   599 | D        | Found Maro's Assorted Antiques.
   607 | D        | Bought a twisted quarterstaff for 180 gold pieces
   607 | D        | Identified the +3 quarterstaff of Optimality {freeze,
                  | +Rage} (You bought it in a shop in the Dungeon)
   732 | D        | Noticed a deep troll
   739 | D        | Killed a deep troll
   873 | D        | Found Zojunk's Armour Emporium.
   896 | D        | Noticed a centaur warrior
   897 | D        | Noticed a centaur warrior
   900 | D        | Killed a centaur warrior
   901 | D        | Reached skill level 11 in Spellcasting
   943 | D        | Killed a centaur warrior
   944 | D        | Reached skill level 12 in Spellcasting
   944 | D        | Reached XP level 10. HP: 56/56 MP: 7/26
  1047 | D        | Reached *** piety under Sif Muna
  1051 | D        | Noticed an oklob plant
  1261 | D        | Killed an oklob plant
  1262 | D        | Reached skill level 10 in Conjurations
  1393 | D        | Reached skill level 1 in Invocations
  1422 | D        | Reached **** piety under Sif Muna
  1423 | D        | Killed an unseen horror
  1457 | D        | Reached ***** piety under Sif Muna
  1475 | D        | Identified Sif Muna's Disquisition on Ice and Transmutation
                  | (Sif Muna gifted it to you in the Dungeon)
  1475 | D        | Received a gift from Sif Muna
  1606 | D        | Learned a level 3 spell: Ozocubu's Armour
  1634 | D        | Paralysed by a floating eye for 3 turns
  1724 | D        | Reached skill level 13 in Spellcasting
  1801 | D        | Received a gift from Sif Muna
  1802 | D        | Noticed an unseen horror
  1806 | D        | Killed an unseen horror
  1807 | D        | Reached skill level 1 in Short Blades
  1943 | D        | Found Puulalyf's Weapon Boutique.
  1943 | D        | Found Bouceet's Magic Scroll Shoppe.
  1944 | D        | Found Pecothru's Weapon Emporium.
  1944 | D        | Found Ruusecyg's Antique Weapon Boutique.
  1945 | D        | Found Vangar's Magic Scroll Emporium.
  1958 | D        | Found Guluf's Book Shop.
  1960 | D        | Found Hebinik's Jewellery Emporium.
  1960 | D        | Found Qiohuy Demmi's Armour Shop.
  1960 | D        | Found Jukkycvu's Jewellery Shoppe.
  1960 | D        | Found Woimud's Distillery.
  1960 | D        | Found Pezivek's Armour Emporium.
  1960 | D        | Found Cuni's Armour Shop.
  1960 | D        | Found Xoangi's Armour Shoppe.
  1962 | D        | Bought a book of Minor Magic for 200 gold pieces
  1964 | D        | Found Plog's Assorted Antiques.
  1995 | D        | Learned a level 2 spell: Blink
  1999 | D        | Learned a level 3 spell: Mephitic Cloud
  2005 | D        | Bought a book of Conjurations for 300 gold pieces
  2011 | D        | Learned a level 4 spell: Iskenderun's Mystic Blast
  2014 | D        | Learned a level 2 spell: Searing Ray
  2016 | D        | Bought a scroll of blinking for 90 gold pieces
  2017 | D        | Bought a jewelled spear for 144 gold pieces
  2017 | D        | Identified the +3 spear "Ylixtev" {elec, rC+ rN+ SInv} (You
                  | bought it in a shop in the Dungeon)
  2034 | D        | Bought a potion of lignification for 30 gold pieces
  2112 | D        | Learned a level 2 spell: Call Imp
  2123 | D        | Noticed a shining eye
  2123 | D        | Noticed a shining eye
  2158 | D        | Killed a shining eye
  2198 | D        | Killed a shining eye
  2199 | D        | Reached skill level 1 in Translocations
  2199 | D        | Reached skill level 1 in Ice Magic
  2204 | D        | Noticed a shining eye
  2207 | D        | Gained mutation: You are clumsy. (Dex -2) [a shining eye]
  2212 | D        | Paralysed by a floating eye for 3 turns
  2223 | D        | Reached skill level 1 in Summonings
  2243 | D        | Killed a shining eye
  2244 | D        | Reached XP level 11. HP: 62/62 MP: 28/28
  2255 | D        | Identified Sif Muna's Almanac of the Ashen Snowflakes (Sif
                  | Muna gifted it to you in the Dungeon)
  2255 | D        | Received a gift from Sif Muna
  2264 | D        | Learned a level 5 spell: Bolt of Magma
  2264 | D        | Noticed a shining eye
  2264 | D        | Noticed a shining eye
  2264 | D        | Noticed a shining eye
  2269 | D        | Noticed a shining eye
  2270 | D        | Gained mutation: You are very clumsy. (Dex -4) [a shining
                  | eye]
  2271 | D        | Noticed a shining eye
  2274 | D        | Killed a shining eye
  2275 | D        | Gained mutation: Your system is resistant to poisons.
                  | (rPois) [a shining eye]
  2277 | D        | Gained mutation: You are frail. (-10% HP) [a shining eye]
  2278 | D        | Killed a shining eye
  2280 | D        | Reached skill level 5 in Invocations
  2281 | D        | Gained mutation: One of your tentacles bears a spike. [a
                  | shining eye]
  2284 | D        | Killed a shining eye
  2285 | D        | Gained mutation: You sometimes lose the ability to read
                  | scrolls when taking damage. [a shining eye]
  2288 | D        | Killed a shining eye
  2289 | D        | Reached skill level 1 in Polearms
  2302 | D        | Killed a shining eye
  2303 | D        | Reached skill level 1 in Fighting
  2303 | D        | Reached skill level 14 in Spellcasting
  2312 | D        | Found Byrops's Magic Scroll Shoppe.
  2312 | D        | Found Nuxeasm's Magic Scroll Shop.
  2312 | D        | Found Loudgh's Antique Armour Emporium.
  2312 | D        | Found Buqynen's Distillery.
  2330 | D        | Bought a potion of mutation for 88 gold pieces
  2331 | D        | Lost mutation: You are frail. (-10% HP) [potion of
                  | mutation]
  2331 | D        | Lost mutation: You sometimes lose the ability to read
                  | scrolls when taking damage. [potion of mutation]
  2331 | D        | Lost mutation: Your system is resistant to poisons. (rPois)
                  | [potion of mutation]
  2331 | D        | Gained mutation: You passively map a small area around you.
                  | [potion of mutation]
  2331 | D        | Lost mutation: One of your tentacles bears a spike. [potion
                  | of mutation]
  2335 | D        | Bought a potion of mutation for 88 gold pieces
  2336 | D        | Lost mutation: You passively map a small area around you.
                  | [potion of mutation]
  2336 | D        | Lost mutation: You are very clumsy. (Dex -4) [potion of
                  | mutation]
  2336 | D        | Gained mutation: Your mind is acute. (Int +2) [potion of
                  | mutation]
  2412 | D        | Bought a ring of magical power for 260 gold pieces
  2471 | D        | HP: 3/63 [demonic crawler (9)]
  2471 | D        | HP: 1/63 [demonic crawler (2)]
  2819 | D        | Noticed a lindwurm
  2821 | D        | Killed a lindwurm
  2821 | D        | Identified Sif Muna's Catalogue of Conjuration (Sif Muna
                  | gifted it to you in the Dungeon)
  2821 | D        | Received a gift from Sif Muna
  2935 | D        | Reached ****** piety under Sif Muna
  2941 | D        | Identified Sif Muna's Reference Book on the Excruciating
                  | Entourage (Sif Muna gifted it to you in the Dungeon)
  2941 | D        | Received a gift from Sif Muna
  2943 | D        | Reached skill level 1 in Earth Magic
  2965 | D        | Learned a level 7 spell: Orb of Destruction
  3191 | D        | Identified Izeonocs's Reference Book on Moulding and
                  | Weightlessness (Sif Muna gifted it to you in the Dungeon)
  3191 | D        | Received a gift from Sif Muna
  3320 | D        | Noticed a 12-headed hydra
  3326 | D        | Killed a 12-headed hydra
  3327 | D        | Reached skill level 5 in Translocations
  3327 | D        | Reached skill level 1 in Poison Magic
  3409 | D        | Noticed a deep elf annihilator
  3414 | D        | Reached skill level 15 in Spellcasting
  3417 | D        | Reached XP level 12. HP: 64/70 MP: 4/31
  3419 | D        | Reached skill level 1 in Air Magic
  3421 | D        | Paralysed by a hornet for 2 turns
  3812 | D        | Killed a deep elf annihilator
  3816 | D        | Noticed a mummy priest
  3817 | D        | Noticed a jiangshi
  3943 | D        | Noticed the 27-headed Lernaean hydra
  4184 | D        | Noticed a lorocyproca
  4189 | D        | Killed a lorocyproca
  4189 | D        | Received a gift from Sif Muna
  4463 | D        | Bought the ring "Rifasoot" {rF+ AC+4 Int+2} for 704 gold
                  | pieces
  4505 | D        | Bought a ring of wizardry for 360 gold pieces
  4583 | D        | Bought a scroll of blinking for 97 gold pieces
  4598 | D        | Bought 2 potions of heal wounds for 110 gold pieces
  4672 | D        | Noticed a daeva
  4725 | D        | Learned a level 8 spell: Ignition
  4741 | D        | Reached skill level 15 in Fire Magic
  5140 | D        | Killed a daeva
  5141 | D        | Reached skill level 16 in Spellcasting
  5311 | D        | Identified the +5 hand axe of Entrepreneurial Spirit
                  | {vorpal, Drain rCorr Int+4}
  5328 | D        | Noticed a fire giant
  5337 | D        | Noticed a fire giant
  5338 | D        | Noticed a fire giant
  5338 | D        | Noticed a fire giant
  5624 | D        | Killed a fire giant
  5669 | D        | Killed a fire giant
  5669 | D        | Identified Sif Muna's Volume of Heat and Transformation
                  | (Sif Muna gifted it to you in the Dungeon)
  5669 | D        | Received a gift from Sif Muna
  5754 | D        | Killed a fire giant
  5755 | D        | Reached skill level 17 in Spellcasting
  5925 | D        | Killed a fire giant
  5926 | D        | Reached XP level 13. HP: 50/74 MP: 17/34
  6242 | D        | Bought a ring of magical power for 220 gold pieces
  6242 | D        | Bought a ring of poison resistance for 220 gold pieces
  6242 | D        | Bought a ring of positive energy for 220 gold pieces
  6339 | D        | Noticed a shadow dragon
  6341 | D        | Noticed a golden dragon
  6395 | D        | Killed a golden dragon
  6396 | D        | Reached skill level 18 in Spellcasting
  6470 | D        | Killed a shadow dragon
  6471 | D        | Reached skill level 15 in Conjurations
  6480 | D        | Identified the +5 hand crossbow of Indomitability {penet,
                  | SInv Stlth+}
  6489 | D        | Found Gedghul's Distillery.
  6508 | D        | Bought a potion of curing for 33 gold pieces
  6508 | D        | Bought a potion of magic for 88 gold pieces
  6508 | D        | Bought a potion of curing for 33 gold pieces
  6508 | D        | Bought a potion of curing for 33 gold pieces
  6508 | D        | Bought a potion of haste for 110 gold pieces
  6592 | D        | Learned a level 5 spell: Irradiate
  6603 | D        | Killed the 27-headed Lernaean hydra
  6604 | D        | Reached skill level 19 in Spellcasting
  6663 | D        | Killed a mummy priest
  6663 | D        | Identified Junouc's Handbook of Battle Magic (Sif Muna
                  | gifted it to you in the Dungeon)
  6663 | D        | Received a gift from Sif Muna
  6788 | D        | Noticed a deep elf master archer
  6807 | D        | Killed a deep elf master archer
  6953 | D        | Noticed Lom Lobon
  7010 | D        | HP: 5/111 [spore (7)]
  7011 | D        | Killed from afar by Lom Lobon

Illustrated notes

Levels and vault maps discovered:
D:        dungeon_sprint_1 [red_sonja_temple_1, red_sonja_temple_small_1]

Skill      XL: |  1  2  3  4  5  6  7  8  9 10 11 12 13 |
---------------+----------------------------------------+-----
Stealth        | 3 4 5 6 |  6.1
Spellcasting   | 3 4 5 6 8 10 12 13 15 17 19 | 19.4
Fire Magic     | 5 7 9 10 11 12 13 14 15 16 | 16.3
Dodging        | 3 4 5 6 7 |  7.7
Evocations     | 1 3 4 5 6 |  6.7
Conjurations   | 2 3 5 7 9 11 12 14 16 | 16.4
Invocations    | 4 7 |  7.3
Short Blades   | 1 |  1.3
Translocations | 1 5 6 7 |  7.3
Ice Magic      | 1 4 |  4.3
Summonings     | 1 3 |  3.7
Polearms       | 3 |  3.1
Fighting       | 2 |  2.1
Earth Magic    | 2 3 |  3.3
Poison Magic   | 1 2 |  2.8
Air Magic      | 1 2 |  2.3

Action                   |  1- 3 |  4- 6 |  7- 9 | 10-12 | 13-15 || total
-------------------------+-------+-------+-------+-------+-------++-------
Melee: Unarmed           |     4 |       |       |       |       ||     4
       Constrict         |     1 |       |       |    13 |       ||    14
       Dagger            |       |       |       |    25 |       ||    25
       Tentacles         |       |       |       |     9 |       ||     9
       Spear             |       |       |       |    35 |       ||    35
       Kick              |       |       |       |     4 |       ||     4
 Cast: Foxfire           |     2 |     7 |     4 |    14 |       ||    27
       Conjure Flame     |       |     2 |     2 |     3 |       ||     7
       Sticky Flame      |       |     2 |       |     4 |       ||     6
       Fireball          |       |       |    13 |    46 |    17 ||    76
       Call Imp          |       |       |       |    16 |       ||    16
       Bolt of Magma     |       |       |       |    26 |     1 ||    27
       Iskenderun's Myst |       |       |       |    14 |     2 ||    16
       Mephitic Cloud    |       |       |       |     5 |       ||     5
       Ozocubu's Armour  |       |       |       |     1 |       ||     1
       Ignition          |       |       |       |    12 |       ||    12
       Orb of Destructio |       |       |       |    11 |    18 ||    29
       Blink             |       |       |       |     1 |     1 ||     2
       Searing Ray       |       |       |       |     1 |       ||     1
Invok: Forget Spell      |       |       |       |     3 |       ||     3
       Channel Magic     |       |       |       |     2 |     1 ||     3
Evoke: Wand              |     7 |     2 |     1 |     1 |       ||    11
  Use: Potion            |     3 |       |       |     5 |    10 ||    18
       Scroll            |       |       |       |     6 |       ||     6
 Stab: Sleeping          |       |       |       |     2 |       ||     2
       Confused          |       |       |       |     2 |       ||     2
       Distracted        |       |       |       |     1 |       ||     1
Armor: Skin              |       |       |       |     5 |     2 ||     7
Dodge: Dodged            |     2 |     5 |     2 |    44 |       ||    53

Table legend: (Time is in decaauts)
 A = Elapsed time spent in this place.
 B = Non-inter-level travel time spent in this place.
 C = Inter-level travel time spent in this place.
 D = Time resting spent in this place.
 E = Time spent auto-exploring this place.
 F = Levels seen in this place.
 G = Mean time per level.
                   A        B        C        D        E       F      G
               +--------+--------+--------+--------+--------+-----+--------+
         Total |   6999 |   6727 |    272 |   3955 |      0 |   1 | 6999.0 |
       Dungeon |   6999 |   6727 |    272 |   3955 |      0 |   1 | 6999.0 |
               +--------+--------+--------+--------+--------+-----+--------+

Top non-repeatable levels by time:
       D: 6999 daAuts
